AoeStats
← ILoveMonks

Glade

510482008Analyzed
1v1 RM · 15h ago on Oct 1, 2026· 32m 27s· 2 players
Game mode
Random Map
Map size
Tiny (2 player)
Population
200
Speed
Normal
Resources
Standard
Victory
Conquest
Starting age
Dark Age
Ending age
Imperial Age
RankedLock teamsTeams togetherTeam positionsShared explorationLock speedFull tech treeHidden civsTurbo modeCheats
Victory
Defeat
🇩🇪 Mongols · Germany
1471
+14
🇩🇪 Bengalis · Germany
1436
-20
ILoveMonks
8:27 Loom
11:18 Feudal Age
11:51 Town Watch
15:23 Castle Age
14:01 Double-Bit Axe
14:23 Horse Collar
14:39 Gold Mining
18:25 Fervor
19:19 Redemption
21:31 Sanctity
27:48 Fervor
Nichter90
6:34 Loom
8:19 Feudal Age
9:55 Double-Bit Axe
12:58 Horse Collar
18:07 Castle Age
16:41 Gold Mining
17:18 Bloodlines
18:17 Forging
26:14 Light Cavalry
30:10 Husbandry
Connection lost

Rejoining the realm…

Still unreachable

The connection could not be restored.

Session expired

The server has moved on; the page needs a fresh start.